 Dungeon Crawl Stone Soup version 0.21.1-1-g345015fe64 (webtiles) character file.

143 Denreik the Covered (level 5, -1/44 HPs)
             Began as a Formicid Fighter on May 21, 2018.
             Slain by a hound (4 damage)
             ... on level 5 of the Dungeon.
             The game lasted 00:05:48 (1761 turns).

Denreik the Covered (Formicid Fighter)              Turns: 1761, Time: 00:05:49

Health: -1/44      AC:  7    Str: 21    XL:     5   Next: 50%
Magic:  5/5        EV:  8    Int: 13    God:
Gold:   172        SH:  9    Dex: 10    Spells: 4/4 levels left

rFire    . . .     SeeInvis +   a - +0 quarterstaff
rCold    . . .     Gourm    .   c - +0 shield
rNeg     . . .     Faith    +   m - +0 scale mail
rPois    .         Spirit   .   (helmet unavailable)
rElec    .         Reflect  .   (no cloak)
rCorr    .         Harm     .   (no gloves)
MR       .....                  (no boots)
Stlth    ..........             k - amulet of faith
HPRegen  0.14/turn              (no ring)
MPRegen  0.09/turn              (no ring)

@: brilliant, flying (expiring), very slightly contaminated, invisible
A: permanent stasis, dig shafts and tunnels, four strong arms, antennae 3
a: Dig, Shaft Self


You were on level 5 of the Dungeon.
You were hungry.

You visited 1 branch of the dungeon, and saw 4 of its levels.

You collected 172 gold pieces.

Inventory:

Hand Weapons
 a - a +0 quarterstaff (weapon)
 q - a +2 antimagic dagger
Missiles
 g - 16 sling bullets
 h - 64 stones (quivered)
 p - 3 tomahawks
 r - 10 bolts
Armour
 c - a +0 shield (worn)
 m - a +0 scale mail (worn)
Jewellery
 k - an amulet of faith (around neck)
Scrolls
 b - a scroll of amnesia {unknown}
 i - a scroll of identify
 j - a scroll of teleportation {unknown}
 s - a scroll of enchant weapon {unknown}
 t - a scroll of magic mapping {unknown}
Potions
 d - a potion of might
Comestibles
 f - 6 rations
 n - 12 chunks of flesh


   Skills:
 * Level 5.0 Fighting
 - Level 2.0 Staves
 - Level 5.0 Armour
 - Level 3.6 Shields


You had 4 spell levels left.
You didn't know any spells.

Dungeon Overview and Level Annotations

Branches:
Dungeon (3/15)

Altars:


Innate Abilities, Weirdness & Mutations

You cannot be hasted, slowed, berserked, paralysed or teleported.
You can dig through walls and to a lower floor.
Your four strong arms can wield two-handed weapons with a shield.
You have a pair of large antennae on your head. (SInv)


Message History

You hit the hound but do no damage. You block the hound's attack.
The jackal bites you but does no damage.
The jackal barely misses you.
The worker ant zombie bites you but does no damage.
The hound barely misses you. You block the jackal's attack.
The jackal barely misses you. The hound bites you.
* * * LOW HITPOINT WARNING * * *
You block the jackal's attack. The hound bites you but does no damage.
You hit the hound but do no damage. The hound bites you but does no damage.
You block the hound's attack.
A worker ant comes into view.
You closely miss the hound. The hound bites you.
* * * LOW HITPOINT WARNING * * *
The hound barely misses you.
The worker ant twitches its antennae in your direction.
You are starting to lose your buoyancy.
You block the worker ant's attack. The hound bites you.
You die...

##....### #...#
###....## #....#
##.$..###....# .
###..?..$...##..
##..h.........
##.Z..$.....
##.ha...##
##.h..## #$@.##
##...# #..?#
##...# #...#
##..# #..# #..


You could see a hound, a worker ant, a worker ant zombie and 2 jackals.

Vanquished Creatures
  A centaur zombie (D:2)
  2 gnolls (D:3)
  3 adders
  An ooze (D:3)
  A worm (D:2)
  A dart slug (D:2)
  A leopard gecko (D:1)
  4 orcs
  3 giant cockroaches
  6 goblins
  4 hobgoblins
  5 jackals (D:3)
  A quokka (D:2)
  A ball python (D:2)
  A bat (D:1)
  3 frilled lizards
  7 kobolds
  5 rats
50 creatures vanquished.

Notes
Turn   | Place    | Note
-------+----------+-------------------------------------------
     0 | D:1      | Denreik the Formicid Fighter began the quest for the Orb.
     0 | D:1      | Reached XP level 1. HP: 18/18 MP: 1/1
   132 | D:1      | Reached XP level 2. HP: 17/24 MP: 2/2
   619 | D:2      | Reached XP level 3. HP: 8/30 MP: 3/3
  1048 | D:2      | Reached XP level 4. HP: 24/38 MP: 4/4
  1552 | D:3      | Reached XP level 5. HP: 31/43 MP: 5/5
  1649 | D:3      | Reached skill level 5 in Armour
  1692 | D:3      | Reached skill level 5 in Fighting
  1725 | D:3      | Noticed a centaur
  1738 | D:3      | You fall through a shaft for 2 floors!
  1738 | D:5      | Entered Level 5 of the Dungeon
  1761 | D:5      | Slain by a hound

Skill      XL: |  1  2  3  4  5 |
---------------+----------------+-----
Fighting       | 4 5 |  5.0
Armour         | 4 5 |  5.0
Staves         | |  2.0
Shields        | |  3.6

Action                   |  1- 3 |  4- 6 || total
-------------------------+-------+-------++-------
Melee: Quarterstaff      |    59 |   128 ||   187
 Abil: Dig               |       |     1 ||     1
       Shaft Self        |       |     1 ||     1
  Use: Scroll            |     2 |       ||     2
       Potion            |       |     3 ||     3
  Eat: Chunk             |       |     3 ||     3
Armor: Scale mail        |    21 |    49 ||    70
Dodge: Dodged            |    20 |    43 ||    63
Block: Shield            |    29 |    86 ||   115
